| TOP OF THE 1ST |
|
Quincy Cubs batting - Pitching for Wausau Timbers : RHP Brian Buckley
|
|
Pitching: RHP Brian Buckley
|
|
|
Batting: RHB Alex Juarez
|
0-0: Ball 1-0: Ball 2-0: Foul Ball, location: 2F 2-1: Called Strike 2-2: Strikes out swinging
|
|
Batting: RHB Jack Ayer
|
0-0: Ball 1-0: Swinging Strike 1-1: Swinging Strike 1-2: Strikes out swinging
|
|
Batting: SHB Willie Perez
|
0-0: Ball 1-0: Foul Ball, location: 2F 1-1: Ball 2-1: Ball 3-1: Base on Balls
|
|
Batting: RHB Wes Clements
|
0-0: Called Strike 0-1: Ball 1-1: Ball 2-1: Foul Ball, location: 2F 2-2: Strikes out swinging
|
| Top of the 1st over - 0 runs, 0 hits, 0 errors, 1 left on base; Quincy 0 - Wausau 0 |
| BOTTOM OF THE 1ST |
|
Wausau Timbers batting - Pitching for Quincy Cubs : RHP Danny Vigil
|
|
Pitching: RHP Danny Vigil
|
|
|
Batting: SHB Herman Lewis
|
0-0: Ground out U3 (Groundball, 3, EV 87.5 MPH)
|
|
Batting: LHB Rodney Nealeigh
|
0-0: Ground out 6-3 (Groundball, 6, EV 95.6 MPH)
|
|
Batting: RHB Rich Renteria
|
0-0: Ball 1-0: Called Strike 1-1: Ground out 5-3 (Groundball, 56, EV 81.3 MPH)
|
| Bottom of the 1st over - 0 runs, 0 hits, 0 errors, 0 left on base; Quincy 0 - Wausau 0 |
| TOP OF THE 2ND |
|
Quincy Cubs batting - Pitching for Wausau Timbers : RHP Brian Buckley
|
|
Batting: RHB Jerry Fry
|
0-0: Fly out, F6 (Popup, 6M, EV 57.5 MPH)
|
|
Batting: RHB Billy Best
|
0-0: Ball 1-0: Ball 2-0: Called Strike 2-1: Ball 3-1: Swinging Strike 3-2: Foul Ball, location: 2F 3-2: Base on Balls
|
|
Batting: RHB Garry Keeton
|
0-0: Called Strike 0-1: Ball 1-1: SINGLE (Line Drive, 34D, EV 99.4 MPH) Billy Best to second Runner from 2nd tries for 3rd, SAFE, throw by RF made to third
|
|
Batting: LHB Dennis Mork
|
0-0: Ball 1-0: Fielders Choice at 2nd, 6-4 (Groundball, 6, EV 80.6 MPH) Billy Best scores
|
|
Batting: RHB Roger Hansen
|
0-0: Ball 1-0: Called Strike 1-1: Ball 2-1: Ball 3-1: Foul Ball, location: 2F 3-2: Base on Balls Dennis Mork to second
|
|
Batting: RHB Alex Juarez
|
0-0: Ball 1-0: Called Strike 1-1: Foul Ball, location: 2F 1-2: Ball 2-2: Strikes out swinging
|
| Top of the 2nd over - 1 run, 1 hit, 0 errors, 2 left on base; Quincy 1 - Wausau 0 |
| BOTTOM OF THE 2ND |
|
Wausau Timbers batting - Pitching for Quincy Cubs : RHP Danny Vigil
|
|
Batting: LHB Tom M Foley
|
0-0: Ball 1-0: Called Strike 1-1: Fly out, F9 (Flyball, 9, EV 85.0 MPH)
|
|
Batting: RHB Douglas Davis
|
0-0: Ball 1-0: Ball 2-0: Called Strike 2-1: Foul Ball, location: 2F 2-2: Ground out 4-3 (Groundball, 4, EV 86.9 MPH)
|
|
Batting: RHB Bruce Chaney
|
0-0: Foul Ball, location: 2F 0-1: Foul Ball, location: 2F 0-2: Fly out, F3 (Popup, 3, EV 78.8 MPH)
|
| Bottom of the 2nd over - 0 runs, 0 hits, 0 errors, 0 left on base; Quincy 1 - Wausau 0 |
| TOP OF THE 3RD |
|
Quincy Cubs batting - Pitching for Wausau Timbers : RHP Brian Buckley
|
|
Batting: RHB Jack Ayer
|
0-0: SINGLE (Flyball, 89S, EV 100.0 MPH)
|
|
Batting: SHB Willie Perez
|
0-0: Foul Ball, location: 2F 0-1: Ball 1-1: Ball 2-1: Ball 3-1: Foul Ball, location: 2F 3-2: SINGLE (Groundball, 56D, EV 103.8 MPH) Jack Ayer to second
|
|
Batting: RHB Wes Clements
|
0-0: Fielders Choice at 2nd, 6-4 (Groundball, 6, EV 88.1 MPH) Jack Ayer to third
|
|
Batting: RHB Jerry Fry
|
0-0: Foul Ball, location: 2F 0-1: Swinging Strike 0-2: Ball Wes Clements is caught stealing 2nd base 2-4 1-2: Strikes out looking
|
| Top of the 3rd over - 0 runs, 2 hits, 0 errors, 1 left on base; Quincy 1 - Wausau 0 |
| BOTTOM OF THE 3RD |
|
Wausau Timbers batting - Pitching for Quincy Cubs : RHP Danny Vigil
|
|
Pitching: RHP Duane Ward
|
|
|
Batting: RHB John Pignotti
|
0-0: Ball 1-0: Ball 2-0: Ball 3-0: Called Strike 3-1: Called Strike 3-2: Ground out 5-3 (Groundball, 56S, EV 78.1 MPH)
|
|
Batting: RHB Jeffrey Young
|
0-0: Ground out 4-3 (Groundball, 4, EV 103.1 MPH)
|
|
Batting: RHB Isaac Seoanee
|
0-0: Ball 1-0: Called Strike 1-1: Foul Ball, location: 2F 1-2: Foul Ball, location: 2F 1-2: Fly out, F3 (Popup, 3S, EV 71.9 MPH)
|
| Bottom of the 3rd over - 0 runs, 0 hits, 0 errors, 0 left on base; Quincy 1 - Wausau 0 |
| TOP OF THE 4TH |
|
Quincy Cubs batting - Pitching for Wausau Timbers : RHP Brian Buckley
|
|
Batting: RHB Billy Best
|
0-0: Ground out 5-3 (Groundball, 56S, EV 88.1 MPH)
|
|
Batting: RHB Garry Keeton
|
0-0: SINGLE (Groundball, 3D, EV 106.9 MPH)
|
|
Batting: LHB Dennis Mork
|
0-0: Foul Ball, location: 2F 0-1: Fielders Choice at 2nd, 4-6 (Groundball, 4, EV 83.1 MPH)
|
|
Batting: RHB Roger Hansen
|
0-0: Foul Ball, location: 2F 0-1: Ball 1-1: Ball 2-1: Ground out 4-3 (Groundball, 34, EV 97.5 MPH)
|
| Top of the 4th over - 0 runs, 1 hit, 0 errors, 1 left on base; Quincy 1 - Wausau 0 |
| BOTTOM OF THE 4TH |
|
Wausau Timbers batting - Pitching for Quincy Cubs : RHP Duane Ward
|
|
Batting: SHB Herman Lewis
|
0-0: Called Strike 0-1: Foul Ball, location: 2F 0-2: Ball 1-2: Ball 2-2: SINGLE (Line Drive, 8RS, EV 110.6 MPH)
|
|
Batting: LHB Rodney Nealeigh
|
0-0: Called Strike 0-1: Ball 1-1: Swinging Strike 1-2: Ball 2-2: Fly out, F6 (Popup, P, EV 75.6 MPH)
|
|
Batting: RHB Rich Renteria
|
0-0: Called Strike 0-1: Called Strike 0-2: Ball 1-2: Grounds into double play, 4-6-3 (Groundball, 4, EV 91.9 MPH)
|
| Bottom of the 4th over - 0 runs, 1 hit, 0 errors, 0 left on base; Quincy 1 - Wausau 0 |
| TOP OF THE 5TH |
|
Quincy Cubs batting - Pitching for Wausau Timbers : RHP Brian Buckley
|
|
Batting: RHB Alex Juarez
|
0-0: Called Strike 0-1: Called Strike 0-2: Strikes out swinging
|
|
Batting: RHB Jack Ayer
|
0-0: Called Strike 0-1: Ball 1-1: Ball 2-1: Ball 3-1: Base on Balls
|
|
Batting: SHB Willie Perez
|
0-0: Called Strike 0-1: Ball 1-1: Ball 2-1: Ball 3-1: Base on Balls Jack Ayer to second
|
|
Batting: RHB Wes Clements
|
0-0: Called Strike 0-1: Ball Jack Ayer steals 3rd, throwing error, E2 Jack Ayer scores Willie Perez to third 1-1: Intentional Walk
|
|
Batting: RHB Jerry Fry
|
0-0: Ball 1-0: Fly out, F7 (Flyball, 7LM, EV 103.1 MPH) Runner from 3rd tags up, OUT at HOME! 7-2
|
| Top of the 5th over - 1 run, 0 hits, 1 error, 1 left on base; Quincy 2 - Wausau 0 |
| BOTTOM OF THE 5TH |
|
Wausau Timbers batting - Pitching for Quincy Cubs : RHP Duane Ward
|
|
Batting: LHB Tom M Foley
|
0-0: Ground out 4-3 (Groundball, 4, EV 105.6 MPH)
|
|
Batting: RHB Douglas Davis
|
0-0: Ball 1-0: Ball 2-0: Ground out U3 (Groundball, 34, EV 83.1 MPH)
|
|
Batting: RHB Bruce Chaney
|
0-0: Ball 1-0: Ground out 3-1 (Groundball, 34, EV 98.1 MPH)
|
| Bottom of the 5th over - 0 runs, 0 hits, 0 errors, 0 left on base; Quincy 2 - Wausau 0 |
| TOP OF THE 6TH |
|
Quincy Cubs batting - Pitching for Wausau Timbers : RHP Brian Buckley
|
|
Batting: RHB Billy Best
|
0-0: Called Strike 0-1: Foul Ball, location: 2F 0-2: Strikes out swinging
|
|
Batting: RHB Garry Keeton
|
0-0: Called Strike 0-1: Ball 1-1: Ball 2-1: Called Strike 2-2: SINGLE (Groundball, 6MD, EV 110.6 MPH)
|
|
Batting: LHB Dennis Mork
|
0-0: Ball 1-0: Called Strike 1-1: Ball 2-1: Ball 3-1: SINGLE (Line Drive, 7LS, EV 109.4 MPH) Garry Keeton to second
|
|
Batting: RHB Roger Hansen
|
0-0: Called Strike 0-1: Ball Garry Keeton steals 3rd base Dennis Mork to second 1-1: SINGLE (Groundball, 56, EV 96.3 MPH) Garry Keeton scores Dennis Mork to third Runner from 3rd tries for Home, SAFE, throw by LF to home
|
|
Batting: RHB Alex Juarez
|
0-0: Ball 1-0: Foul Ball, location: 2F 1-1: Ball 2-1: Foul Ball, location: 2F 2-2: SINGLE (Groundball, 4M, EV 101.9 MPH) (infield hit) Roger Hansen to second
|
|
Batting: RHB Jack Ayer
|
0-0: Called Strike 0-1: Called Strike 0-2: Foul Ball, location: 2F 0-2: Ball 1-2: Ball 2-2: Ball 3-2: Fielders Choice at 2nd, 3-6 (Groundball, 34, EV 80.6 MPH) Roger Hansen to third
|
|
Batting: SHB Willie Perez
|
0-0: Ball Jack Ayer steals 2nd base 1-0: Intentional Walk
|
|
Batting: RHB Wes Clements
|
0-0: Fly out, F9 (Line Drive, 9, EV 96.9 MPH)
|
| Top of the 6th over - 2 runs, 4 hits, 0 errors, 3 left on base; Quincy 4 - Wausau 0 |
| BOTTOM OF THE 6TH |
|
Wausau Timbers batting - Pitching for Quincy Cubs : RHP Duane Ward
|
|
Batting: RHB John Pignotti
|
0-0: Called Strike 0-1: Ball 1-1: Fly out, F9 (Flyball, 9S, EV 93.1 MPH)
|
|
Batting: RHB Jeffrey Young
|
0-0: Fly out, F7 (Flyball, 7LS, EV 90.0 MPH)
|
|
Batting: RHB Isaac Seoanee
|
0-0: Fly out, F8 (Flyball, 78M, EV 88.8 MPH)
|
| Bottom of the 6th over - 0 runs, 0 hits, 0 errors, 0 left on base; Quincy 4 - Wausau 0 |
| TOP OF THE 7TH |
|
Quincy Cubs batting - Pitching for Wausau Timbers : RHP Brian Buckley
|
|
Pitching: RHP Jean Marquis
|
|
|
Batting: RHB Jerry Fry
|
0-0: SOLO HOME RUN (Flyball, 7D, EV 92.5 MPH), Distance : 370 ft
|
|
Batting: RHB Billy Best
|
0-0: Foul Ball, location: 2F 0-1: Ball 1-1: Fly out, F9 (Flyball, 89S, EV 96.9 MPH)
|
|
Batting: RHB Garry Keeton
|
0-0: Ball 1-0: Foul Ball, location: 2F 1-1: Ground out 6-3 (Groundball, 56, EV 105.6 MPH)
|
|
Batting: LHB Dennis Mork
|
0-0: Ball 1-0: Foul Ball, location: 2F 1-1: Called Strike 1-2: Foul Ball, location: 2F 1-2: Foul Ball, location: 2F 1-2: Ball 2-2: Foul Ball, location: 2F 2-2: Foul Ball, location: 2F 2-2: Ground out U3 (Groundball, 3L, EV 110.0 MPH)
|
| Top of the 7th over - 1 run, 1 hit, 0 errors, 0 left on base; Quincy 5 - Wausau 0 |
| BOTTOM OF THE 7TH |
|
Wausau Timbers batting - Pitching for Quincy Cubs : RHP Duane Ward
|
|
Batting: SHB Herman Lewis
|
0-0: Ball 1-0: Called Strike 1-1: Foul Ball, location: 2F 1-2: Ball 2-2: Ball 3-2: Ground out 4-3 (Groundball, 4, EV 87.5 MPH)
|
|
Batting: LHB Rodney Nealeigh
|
0-0: Ball 1-0: Ground out U3 (Groundball, 3, EV 82.5 MPH)
|
|
Batting: RHB Rich Renteria
|
0-0: Called Strike 0-1: Ball 1-1: Fly out, F6 (Flyball, 56D, EV 89.4 MPH)
|
| Bottom of the 7th over - 0 runs, 0 hits, 0 errors, 0 left on base; Quincy 5 - Wausau 0 |
| TOP OF THE 8TH |
|
Quincy Cubs batting - Pitching for Wausau Timbers : RHP Jean Marquis
|
|
Batting: RHB Roger Hansen
|
0-0: Ball 1-0: Ball 2-0: Ball 3-0: Base on Balls
|
|
Batting: RHB Alex Juarez
|
0-0: Ball 1-0: Ball 2-0: SINGLE (Line Drive, 34D, EV 94.4 MPH) Roger Hansen to second Runner from 2nd tries for 3rd, SAFE, throw by RF made to third
|
|
Batting: RHB Jack Ayer
|
0-0: Ball 1-0: Called Strike 1-1: Grounds into double play, 4-6-3 (Groundball, 4, EV 83.1 MPH) Roger Hansen scores
|
|
Batting: SHB Willie Perez
|
0-0: Fly out, F9 (Flyball, 89M, EV 91.9 MPH)
|
| Top of the 8th over - 1 run, 1 hit, 0 errors, 0 left on base; Quincy 6 - Wausau 0 |
| BOTTOM OF THE 8TH |
|
Wausau Timbers batting - Pitching for Quincy Cubs : RHP Duane Ward
|
|
Batting: LHB Tom M Foley
|
0-0: Ball 1-0: Ground out 6-3 (Groundball, 56, EV 94.4 MPH)
|
|
Batting: RHB Douglas Davis
|
0-0: Ground out 1-3 (Groundball, 34S, EV 70.6 MPH)
|
|
Batting: RHB Bruce Chaney
|
0-0: Called Strike 0-1: Ball 1-1: Foul Ball, location: 2F 1-2: Ball 2-2: TRIPLE (Flyball, 9LD, EV 95.6 MPH)
|
|
Batting: RHB John Pignotti
|
0-0: Ball 1-0: Foul Ball, location: 2F 1-1: Fly out, F6 (Popup, P, EV 83.8 MPH)
|
| Bottom of the 8th over - 0 runs, 1 hit, 0 errors, 1 left on base; Quincy 6 - Wausau 0 |
| TOP OF THE 9TH |
|
Quincy Cubs batting - Pitching for Wausau Timbers : RHP Jean Marquis
|
|
Batting: RHB Wes Clements
|
0-0: Ball 1-0: Swinging Strike 1-1: Ball 2-1: Ball 3-1: Called Strike 3-2: Foul Ball, location: 2F 3-2: Ground out 4-3 (Groundball, 4, EV 81.9 MPH)
|
|
Pitching: RHP Daniel Pierce
|
|
|
Batting: RHB Jerry Fry
|
0-0: Ball 1-0: Called Strike 1-1: Ball 2-1: Swinging Strike 2-2: Ball 3-2: Base on Balls
|
|
Batting: RHB Billy Best
|
0-0: Foul Ball, location: 2F 0-1: Foul Ball, location: 2F 0-2: SINGLE (Line Drive, 6M, EV 97.5 MPH) Jerry Fry to second
|
|
Batting: RHB Garry Keeton
|
0-0: Ball 1-0: Ball 2-0: Swinging Strike 2-1: Fly out, F7 (Flyball, 7LM, EV 94.4 MPH)
|
|
Batting: LHB Dennis Mork
|
0-0: Called Strike 0-1: Swinging Strike 0-2: Ball 1-2: Fly out, F9 (Flyball, 9S, EV 85.6 MPH)
|
| Top of the 9th over - 0 runs, 1 hit, 0 errors, 2 left on base; Quincy 6 - Wausau 0 |
| BOTTOM OF THE 9TH |
|
Wausau Timbers batting - Pitching for Quincy Cubs : RHP Duane Ward
|
|
Batting: RHB Jeffrey Young
|
0-0: Foul Ball, location: 2F 0-1: Fly out, F8 (Flyball, 8RD, EV 100.6 MPH)
|
|
Batting: RHB Isaac Seoanee
|
0-0: Fly out, F4 (Popup, 34, EV 63.8 MPH)
|
|
Batting: SHB Herman Lewis
|
0-0: Ball 1-0: Called Strike 1-1: Ball 2-1: Ground out 1-3 (Groundball, 34S, EV 68.1 MPH)
|
| Bottom of the 9th over - 0 runs, 0 hits, 0 errors, 0 left on base; Quincy 6 - Wausau 0 |
|